 Dungeon Crawl Stone Soup version 0.31-a0-1-g4198be8af4 (webtiles) character file.

Game seed: 5873058684135739893

28 RascalDebosk the Magician (level 3, 0/27 HPs)
             Began as a Djinni Air Elementalist on May 2, 2023.
             Slain by a jackal (2 damage)
             ... on level 2 of the Dungeon.
             The game lasted 00:09:55 (929 turns).

RascalDebosk the Magician (Djinni Air Elementalist)  Turns: 929, Time: 00:09:56

Health: 0/27       AC:  2    Str:  7    XL:     3   Next: 27%
Gold:   36         EV: 12    Int: 18    God:
                   SH:  0    Dex: 13

rFire   + + .        e - +2 dagger (elec)
rCold   x . .        (no shield)
rNeg    . . .        a - +0 robe
rPois   ∞            (no helmet)
rElec   .            (no cloak)
rCorr   .            (no gloves)
SInv    .            (boots unavailable)
Will    .....        (no amulet)
Stlth   ++           (no ring)
HPRegen 0.24/turn    (no ring)
MPRegen 0.00/turn

%: infuse magic (-1 HP)
@: sluggish, flying, very slow
A: sickness immunity, fire resistance 2, cold vulnerability 1, float, innate
caster, HP casting, extra vitality 1
a: no special abilities


You were on level 2 of the Dungeon.
You visited 1 branch of the dungeon, and saw 2 of its levels.

You collected 36 gold pieces.

Inventory:

Hand Weapons
 e - a +2 dagger of electrocution (weapon)
 s - a +0 dagger
Armour
 a - a +0 robe (worn)
Jewellery
 h - a ring of fire
Scrolls
 d - 2 scrolls of identify {unknown}
 g - a scroll of poison {unknown}
Potions
 b - a potion of flight {unknown}
 c - 2 potions of curing {unknown}
 f - 2 potions of mutation {unknown}
 i - a potion of degeneration {unknown}
 j - a potion of lignification {unknown}


   Skills:
 * Level 1.5 Fighting
 + Level 1.0 Armour
 - Level 2.1 Dodging
 - Level 1.5 Stealth
 * Level 2.8 Spellcasting


You knew the following spells:

 Your Spells              Type           Power      Damage    Failure   Level
a - Shock                 Conj/Air       48%        1d6       5%          1
b - Static Discharge      Conj/Air       24%        2-3/arc   8%          2
c - Swiftness             Air            12%        N/A       16%         3
d - Airstrike             Air            6%         2d(1-17)  45%         4
e - Summon Small Mammal   Summ           48%        N/A       5%          1
Your spell library was empty.

Dungeon Overview and Level Annotations

Branches:
Dungeon (2/15)

Altars:

Annotations:
D:2 Jessica


Innate Abilities, Weirdness & Mutations

You are immune to sickness and miasma.
You are immune to poison.
Your flesh is very heat resistant. (rF++)
You are vulnerable to cold. (rC-)
You float through the air rather than walking.
You learn spells naturally, not from books.
Your magical power is your life essence.
You have superior vitality. (+4 MHP)


Message History

There is an open door here.
You see here 3 stones.
There is a stone staircase leading down here.
You fly downwards.
Found a leather armour.
Found a stone staircase leading down.
There is a stone staircase leading up here.
An endoplasm comes into view.
Cast which spell? (? or * to list)
Aiming: Shock (safe; 5% risk of failure)
Press: ? - help, Shift-Dir - straight line, f - endoplasm
Aim: an endoplasm (asleep, 100% to hit)
The zap hits the endoplasm.
The endoplasm is heavily wounded.
The endoplasm quivers.
Casting: Shock (safe; 5% risk of failure)
Confirm with . or Enter, or press ? or * to list all spells.
Aiming: Shock (safe; 5% risk of failure)
Press: ? - help, Shift-Dir - straight line, f/p - endoplasm
Aim: an endoplasm (heavily wounded, 97% to hit)
The zap hits the endoplasm.
You kill the endoplasm!
Your Armour skill increases to level 1!
HP restored.
A hobgoblin comes into view.
The hobgoblin shouts!
Casting: Shock (safe; 5% risk of failure)
Confirm with . or Enter, or press ? or * to list all spells.
Aiming: Shock (safe; 5% risk of failure)
Press: ? - help, Shift-Dir - straight line, f - hobgoblin
Aim: a hobgoblin (68% to hit)
The zap hits the hobgoblin but does no damage.
Casting: Shock (safe; 5% risk of failure)
Confirm with . or Enter, or press ? or * to list all spells.
Aiming: Shock (safe; 5% risk of failure)
Press: ? - help, Shift-Dir - straight line, f/p - hobgoblin
Aim: a hobgoblin (68% to hit)
The zap hits the hobgoblin.
You kill the hobgoblin!
You now have 36 gold pieces (gained 6).
Found 5 poisoned darts.
Jessica and a jackal come into view.
Jessica is wielding a +0 dagger and wearing a +1 robe of fire resistance.
Casting: Shock (safe; 5% risk of failure)
Confirm with . or Enter, or press ? or * to list all spells.
The spell is quite dangerous to miscast (16% risk of failure)!
Continue anyway?
You miscast Swiftness.
You are very lightly contaminated with residual magic.
Sparks of electricity dance around you.
Casting: Swiftness (quite dangerous; 16% risk of failure)
Confirm with . or Enter, or press ? or * to list all spells.
The spell is quite dangerous to miscast (16% risk of failure)!
Continue anyway?
You feel quick.
The jackal barks!
Casting: Swiftness (quite dangerous; 16% risk of failure)
Confirm with . or Enter, or press ? or * to list all spells.
Aiming: Shock (safe; 5% risk of failure)
Press: ? - help, Shift-Dir - straight line, f - Jessica
Aim: Jessica, wielding a +0 dagger and wearing a +1 robe of fire resistance (wandering, hasn't noticed you, 68% to hit)
The zap hits Jessica.
Jessica is moderately wounded.
Jessica shouts!
You hear an angry hiss.
A jackal comes into view.
A ball python comes into view.
A jackal comes into view.
Casting: Shock (safe; 5% risk of failure)
Confirm with . or Enter, or press ? or * to list all spells.
Aiming: Shock (safe; 5% risk of failure)
Press: ? - help, Shift-Dir - straight line, f/p - Jessica
Aim: Jessica, wielding a +0 dagger and wearing a +1 robe of fire resistance (moderately wounded, 68% to hit)
The zap misses Jessica.
The zap hits the ball python.
The ball python is moderately wounded.
The jackal barks! x2; You hear a shout! x2
Casting: Shock (safe; 5% risk of failure)
Confirm with . or Enter, or press ? or * to list all spells.
Aiming: Shock (safe; 5% risk of failure)
Press: ? - help, Shift-Dir - straight line, f/p - Jessica
Aim: Jessica, wielding a +0 dagger and wearing a +1 robe of fire resistance (moderately wounded, 68% to hit)
The zap hits Jessica.
Jessica is moderately wounded.
The zap misses the ball python.
* * * LOW HITPOINT WARNING * * *
Jessica gestures wildly.
Jessica casts a spell at you. Pain shoots through your body!
* * * LOW HITPOINT WARNING * * *
Jessica casts a spell.
Jessica seems to speed up.
You start to feel a little slower.
Jessica looks very angry.
Your magical contamination has completely faded away.
You feel sluggish.
A goblin comes into view. It is wielding a +0 club.
The jackal attacks as you move away! The jackal barely misses you.
The jackal bites you.
* * * LOW HITPOINT WARNING * * *
The jackal attacks as you move away! The jackal barely misses you. x2
The jackal misses you. The jackal misses you. The jackal bites you.
* * * LOW HITPOINT WARNING * * *
The jackal bites you.
You die...

#...# .##(#..
##@### .# ..
#...## ## .# .
#....###.. #.
#......#.## #
#.........
#...g#...#
#.hhh##..# .
###@.##..# ...
##..#<.#.....
#............
#..........>.
#.......[...#
#.........####
.......#..##
..†..........
...#....##.##


You could see Jessica (fast), 3 jackals and a goblin.

Vanquished Creatures
  3 dart slugs
  4 endoplasms
  A giant cockroach (D:1)
  A hobgoblin (D:2)
  3 ball pythons (D:1)
  A bat (D:1)
  3 frilled lizards (D:1)
  2 goblins (D:1)
  3 kobolds (D:1)
  2 rats (D:1)
23 creatures vanquished.

Notes
Turn   | Place    | Note
-------+----------+-------------------------------------------
     0 | D:1      | RascalDebosk the Djinni Air Elementalist began the quest
                  | for the Orb.
     0 | D:1      | RascalDebosk set off with the following spells memorised:
                  | Shock, Static Discharge, Swiftness, Airstrike.
     0 | D:1      | Reached XP level 1. HP: 15/15 MP: 0/0
   268 | D:1      | Reached XP level 2. HP: 19/22 MP: 0/0
   298 | D:1      | Reached skill level 1 in Fighting
   461 | D:1      | You are sucked into a shaft and drop 1 floor!
   467 | D:2      | Reached XP level 3. HP: 18/27 MP: 0/0
   467 | D:2      | Learned a level 1 spell: Summon Small Mammal
   546 | D:1      | Found a faded altar of an unknown god.
   872 | D:2      | Reached skill level 1 in Armour
   907 | D:2      | Noticed Jessica
   912 | D:2      | HP: 1/27 [Jessica/nerve-wracking pain (12)]
   929 | D:2      | Slain by a jackal

Illustrated notes

Levels and vault maps discovered:
D:1:      matt_arrival_los_fun, layout_basic,
          hellmonk_ecumenical_altar_leap_of_faith
D:2:      layout_rooms, serial_curves, eino_curves_01, eino_curves_03,
          minmay_tromino_v7, uniq_jessica

Skill      XL: |  1  2  3 |
---------------+----------+-----
Fighting       | 1 |  1.5
Armour         | 1 |  1.0
Dodging        | |  2.1
Stealth        | |  1.5
Spellcasting   | |  2.8

Action                     || total
---------------------------++-------
   Cast: Shock             ||    48
         Static Discharge  ||     1
         Swiftness         ||     1
  Dodge: Dodged            ||    10

Table legend: (Time is in decaauts)
 A = Elapsed time spent in this place.
 B = Non-inter-level travel time spent in this place.
 C = Inter-level travel time spent in this place.
 D = Time resting spent in this place.
 E = Time spent auto-exploring this place.
 F = Levels seen in this place.
 G = Mean time per level.
                   A        B        C        D        E       F      G
               +--------+--------+--------+--------+--------+-----+--------+
         Total |    926 |    885 |     41 |    106 |    590 |   2 |  463.0 |
       Dungeon |    926 |    885 |     41 |    106 |    590 |   2 |  463.0 |
               +--------+--------+--------+--------+--------+-----+--------+

Top non-repeatable levels by time:
     D:1: 845 daAuts
     D:2: 81 daAuts
